 Dungeon Crawl Stone Soup version 0.31-a0-889-g1a8549509d (webtiles) character file.

Game seed: 476362004001515472

1603 croobank the Ruffian (level 8, -2/61 HPs)
             Began as a Gnoll Shapeshifter on Oct 16, 2023.
             Slain by a yak (10 damage)
             ... on level 6 of the Dungeon.
             The game lasted 00:14:51 (5390 turns).

croobank the Ruffian (Gnoll Shapeshifter)           Turns: 5390, Time: 00:14:52

Health: -2/61      AC:  4    Str: 20    XL:     8   Next: 94%
Magic:  13/13      EV: 13    Int: 11    God:
Gold:   261        SH:  0    Dex: 12    Spells: 14/14 levels left

rFire   . . .        f - melded +0 dagger
rCold   . . .        (shield currently unavailable)
rNeg    + . .        e - +1 leather armour
rPois   .            (no helmet)
rElec   .            (no cloak)
rCorr   .            (no gloves)
SInv    .            (no boots)
Will    +....        (no amulet)
Stlth   +            i - ring of positive energy
HPRegen 0.30/turn    A - ring of Peywo {Will+ Str+6}
MPRegen 0.13/turn

%: no passive effects
@: flux-form, hasted, glowing, very quick
A: glow, contaminating, fangs 1, strong nose, distributed training
a: Begin Untransformation


You were on level 6 of the Dungeon.
You were something dangerously unstable.
You visited 1 branch of the dungeon, and saw 6 of its levels.

You collected 261 gold pieces.

Inventory:

Hand Weapons
 f - a +0 dagger (melded)
 v - a +0 falchion of chaos
 F - a +4 flail of distortion
Missiles
 s - 13 poisoned darts
 t - 2 datura-tipped darts (quivered)
 B - 2 boomerangs
Armour
 e - a +1 leather armour (worn)
 l - a +0 ring mail
 m - a +0 helmet
Jewellery
 i - a ring of positive energy (left hand)
 A - the ring of Peywo (right hand) {Will+ Str+6}
   (You found it on level 4 of the Dungeon)

   [ring of strength]

   Str+6:     It affects your strength (+6).
   Will+:     It increases your willpower.
Talismans
 c - a beast talisman
 d - a flux talisman (active)
 E - a maw talisman
Wands
 r - a wand of flame (24)
 y - a wand of mindburst (5)
Scrolls
 k - a scroll of fog
 z - a scroll of brand weapon
 C - 2 scrolls of amnesia
Potions
 a - a potion of attraction {unknown}
 b - 2 potions of lignification
 g - a potion of curing
 j - a potion of invisibility
 o - 2 potions of mutation {unknown}
 p - 2 potions of might {unknown}
 q - a potion of heal wounds {unknown}
 u - 2 potions of brilliance {unknown}
 w - a potion of enlightenment {unknown}
 G - a potion of cancellation {unknown}
 H - 2 potions of berserk rage {unknown}


   Skills:
 + Level 4.6 Fighting
 + Level 3.7 Short Blades
 + Level 3.7 Long Blades
 + Level 3.7 Axes
 + Level 3.7 Maces & Flails
 + Level 3.7 Polearms
 + Level 3.7 Staves
 + Level 3.7 Ranged Weapons
 + Level 3.7 Throwing
 + Level 3.7 Armour
 + Level 6.0 Dodging
 + Level 3.7 Stealth
 + Level 3.7 Shields
 + Level 7.6 Unarmed Combat
 + Level 3.7 Spellcasting
 + Level 3.1 Conjurations
 + Level 3.1 Hexes
 + Level 3.1 Summonings
 + Level 3.1 Necromancy
 + Level 3.1 Translocations
 + Level 3.1 Transmutations
 + Level 3.1 Fire Magic
 + Level 3.1 Ice Magic
 + Level 3.1 Air Magic
 + Level 3.1 Earth Magic
 + Level 3.1 Poison Magic
 + Level 4.1 Invocations
 + Level 3.7 Evocations
 + Level 7.4 Shapeshifting


You had 14 spell levels left.
You didn't know any spells.
Your spell library contained the following spells:

 Spells                   Type           Power      Damage    Failure   Level
 Shock                    Conj/Air       32%        1d5       8%          1
 Static Discharge         Conj/Air       16%        2-3/arc   12%         2
 Swiftness                Air            8%         N/A       24%         3
 Airstrike                Air            4%         2d(1-17)  61%         4
 Summon Lightning Spire   Summ/Air       8%         N/A       61%         4
 Vhi's Electric Charge    Tloc/Air       16%        N/A       61%         4
 Arcjolt                  Conj/Air       4%         1d14      91%         5
 Plasma Beam              Fire/Air       4%         2x1d14    100%        6
 Maxwell's Capacitive Co  Air            4%         ∞         100%        8


Dungeon Overview and Level Annotations

Branches:
Dungeon (6/15)
 Temple: D:4-7

Altars:
Wu Jian

Annotations:
D:2 1 runed translucent door, Crazy Yiuf
D:3 3 runed translucent doors, Pro777's ghost, amateur MiFi


Innate Abilities, Weirdness & Mutations

You are something dangerously unstable.
You glow with magical radiation, making you easy to see and hit.
Foes you strike become dangerously contaminated with magical radiation.
You are incapable of wielding weapons or throwing items.
You have very sharp teeth.
Your uncanny sense of smell can sniff out nearby items.
Your experience applies equally to all skills.


Message History

The yak is lightly wounded.
The yak gores you!
You punch the yak!
The yak glows dangerously bright.
The yak is moderately wounded.
The yak gores you.
You hit the yak.
The yak shudders as magic cascades through it!!
You kill the yak!
Your Dodging skill increases to level 6!
You punch the yak!
The yak begins to glow.
You bite the yak, but do no damage.
The yak is moderately wounded.
The yak gores you!
You hit the yak but do no damage.
The yak glows dangerously bright.
You bite the yak, but do no damage.
The yak is moderately wounded.
The yak barely misses you.
You hit the yak.
The yak shudders as magic cascades through it!
The yak twists and deforms.
The yak is severely wounded.
You feel yourself speed up.
The yak bellows! x2
You hit the yak.
The yak begins to glow.
The yak is lightly wounded.
You hit the yak but do no damage.
The yak glows dangerously bright.
You bite the yak, but do no damage.
The yak is lightly wounded.
The yak gores you!
You hit the yak.
The yak shudders as magic cascades through it.
The yak twists and deforms.
The yak is heavily wounded.
The yak gores you!
* * * LOW HITPOINT WARNING * * *
As you read the scroll of fog, it dissolves into smoke.
The yak attacks as it pursues you! The yak gores you!
* * * LOW HITPOINT WARNING * * *
There is an open door here.
The yak attacks as it pursues you! The yak gores you!
You die...

********
**,,,,,,****
**,,,,,,,,,,**###
*,,,,,#****,,,§§#
****,****#...#####§#
,,*,,+,,,.._....pY§#
,,*,.###*#...#####§#
,,*,,....#####Y§Y§§#
,,,,,*#......Y.#####
,,*,*##..##....##
*,**##......Y...#
*.* #?.....Y...##
,.####..##....##
##.#...>.Y...##


You could see a yak (misshapen).

Vanquished Creatures
  A wraith (D:6)
  A yak (D:6)
  Edmund (D:6)
  A black bear (D:5)
  2 sky beasts (D:6)
  2 ogres (D:4)
  2 phantoms
  3 scorpions
  An electric eel (D:6)
  3 hounds
  A jelly (D:6)
  An orc priest (D:4)
  3 iguanas
  Robin (D:2)
  8 adders
  An ufetubus (D:6)
  3 worms
  A dart slug (D:1)
  9 orcs
  5 endoplasms
  4 giant cockroaches
  12 goblins
  7 hobgoblins
  11 jackals
  4 quokkas
  4 ball pythons
  4 bats
  8 frilled lizards
  5 kobolds
  4 rats
113 creatures vanquished.

Notes
Turn   | Place    | Note
-------+----------+-------------------------------------------
     0 | D:1      | croobank the Gnoll Shapeshifter began the quest for the
                  | Orb.
     0 | D:1      | Reached XP level 1. HP: 17/17 MP: 1/1
   256 | D:1      | Reached XP level 2. HP: 23/23 MP: 2/2
   272 | D:1      | You fall into a shaft and drop 1 floor!
   414 | D:1      | Reached XP level 3. HP: 22/28 MP: 3/3
   819 | D:1      | Reached skill level 1 in Invocations
  1242 | D:2      | Reached skill level 1 in Short Blades
  1242 | D:2      | Reached skill level 1 in Long Blades
  1242 | D:2      | Reached skill level 1 in Axes
  1242 | D:2      | Reached skill level 1 in Maces & Flails
  1242 | D:2      | Reached skill level 1 in Polearms
  1242 | D:2      | Reached skill level 1 in Staves
  1242 | D:2      | Reached skill level 1 in Ranged Weapons
  1242 | D:2      | Reached skill level 1 in Throwing
  1242 | D:2      | Reached skill level 1 in Armour
  1242 | D:2      | Reached skill level 1 in Stealth
  1242 | D:2      | Reached skill level 1 in Shields
  1242 | D:2      | Reached skill level 1 in Spellcasting
  1242 | D:2      | Reached skill level 1 in Evocations
  1256 | D:2      | Noticed Robin
  1264 | D:2      | Killed Robin
  1265 | D:2      | Reached XP level 4. HP: 31/34 MP: 5/5
  1635 | D:2      | Reached skill level 1 in Conjurations
  1635 | D:2      | Reached skill level 1 in Hexes
  1635 | D:2      | Reached skill level 1 in Summonings
  1635 | D:2      | Reached skill level 1 in Necromancy
  1635 | D:2      | Reached skill level 1 in Translocations
  1635 | D:2      | Reached skill level 1 in Transmutations
  1635 | D:2      | Reached skill level 1 in Fire Magic
  1635 | D:2      | Reached skill level 1 in Ice Magic
  1635 | D:2      | Reached skill level 1 in Air Magic
  1635 | D:2      | Reached skill level 1 in Earth Magic
  1635 | D:2      | Reached skill level 1 in Poison Magic
  1840 | D:2      | Found a runed translucent door.
  1841 | D:2      | Noticed Crazy Yiuf
  1892 | D:3      | Noticed a black bear
  1892 | D:3      | Found a runed translucent gate.
  1892 | D:3      | Found a runed translucent gate.
  1892 | D:3      | Found a runed translucent gate.
  2161 | D:3      | Noticed Pro777's ghost (amateur MiFi)
  2419 | D:4      | Reached XP level 5. HP: 24/40 MP: 6/6
  2732 | D:4      | Noticed an ogre
  2736 | D:4      | Noticed an ogre
  2744 | D:4      | Killed an ogre
  2745 | D:4      | Reached XP level 6. HP: 42/47 MP: 8/8
  2750 | D:4      | Reached skill level 5 in Dodging
  2831 | D:4      | Upgraded the game from 0.31-a0-881-ge136f0c47a to
                  | 0.31-a0-889-g1a8549509d
  2993 | D:4      | Reached XP level 7. HP: 31/52 MP: 10/10
  3459 | D:4      | Identified the ring of Peywo {Will+ Str+6}
  3530 | D:5      | Entered Level 5 of the Dungeon
  4313 | D:6      | Noticed Edmund
  4390 | D:6      | Killed Edmund
  4391 | D:6      | Reached XP level 8. HP: 42/60 MP: 12/12
  4987 | D:6      | Noticed a yak
  4988 | D:6      | Noticed a yak
  4989 | D:6      | Noticed a yak
  4989 | D:6      | Noticed a yak
  4990 | D:6      | Noticed a yak
  5180 | D:6      | Noticed a wraith
  5189 | D:6      | Killed a wraith
  5374 | D:6      | Found an ornate altar of the Wu Jian Council.
  5378 | D:6      | Killed a yak
  5390 | D:6      | Slain by a yak

Illustrated notes

Levels and vault maps discovered:
D:1:      dpeg_arrival_chambers_temple_mockup, layout_basic,
          kennysheep_minor_cross
D:2:      layout_loops_ring, uniq_robin, uniq_crazy_yiuf_cottage
D:3:      layout_rooms, gammafunk_ghost_split
D:4:      nicolae_cairo_tiling, layout_loops_ring, minmay_quadrilaterals
D:5:      layout_loops_cross
D:6:      cheibrodos_helix_gallery, layout_cave_pools,
          mainiacjoe_overflow_surrounded_room, kennysheep_generic_room_3,
          uniq_edmund

Skill      XL: |  1  2  3  4  5  6  7  8 |
---------------+-------------------------+-----
Invocations    | 1 2 3 4 |  4.1
Short Blades   | 1 2 3 |  3.7
Long Blades    | 1 2 3 |  3.7
Axes           | 1 2 3 |  3.7
Maces & Flails | 1 2 3 |  3.7
Polearms       | 1 2 3 |  3.7
Staves         | 1 2 3 |  3.7
Ranged Weapons | 1 2 3 |  3.7
Throwing       | 1 2 3 |  3.7
Armour         | 1 2 3 |  3.7
Stealth        | 1 2 3 |  3.7
Shields        | 1 2 3 |  3.7
Spellcasting   | 1 2 3 |  3.7
Evocations     | 1 2 3 |  3.7
Conjurations   | 1 2 3 |  3.1
Hexes          | 1 2 3 |  3.1
Summonings     | 1 2 3 |  3.1
Necromancy     | 1 2 3 |  3.1
Translocations | 1 2 3 |  3.1
Transmutations | 1 2 3 |  3.1
Fire Magic     | 1 2 3 |  3.1
Ice Magic      | 1 2 3 |  3.1
Air Magic      | 1 2 3 |  3.1
Earth Magic    | 1 2 3 |  3.1
Poison Magic   | 1 2 3 |  3.1
Fighting       | 3 4 |  4.6
Dodging        | 5 6 |  6.0
Unarmed Combat | 7 |  7.6
Shapeshifting  | 7 |  7.4

Action                     |  1- 3 |  4- 6 |  7- 9 || total
---------------------------+-------+-------+-------++-------
  Melee: Unarmed           |    92 |   102 |   115 ||   309
         Bite              |     3 |    10 |    19 ||    32
         Punch             |     2 |     4 |     4 ||    10
         Dagger            |       |       |    10 ||    10
         Maw               |       |       |     5 ||     5
  Throw: Dart              |       |     3 |       ||     3
         Throwing net      |       |     1 |     1 ||     2
  Evoke: Wand              |       |       |     7 ||     7
    Use: Scroll            |       |     2 |    13 ||    15
         Potion            |       |       |     4 ||     4
   Stab: Sleeping          |     1 |     3 |     2 ||     6
         Held in net/web   |       |     1 |     1 ||     2
         Distracted        |       |       |     1 ||     1
 Armour: Leather armour    |    25 |    39 |    66 ||   130
         Animal skin       |     1 |       |       ||     1
         Skin              |       |       |     5 ||     5
  Dodge: Dodged            |    45 |    45 |    74 ||   164
   Form: Maw               |       |       |     1 ||     1
         Flux              |       |       |     1 ||     1

Table legend: (Time is in decaauts)
 A = Elapsed time spent in this place.
 B = Non-inter-level travel time spent in this place.
 C = Inter-level travel time spent in this place.
 D = Time resting spent in this place.
 E = Time spent auto-exploring this place.
 F = Levels seen in this place.
 G = Mean time per level.
                   A        B        C        D        E       F      G
               +--------+--------+--------+--------+--------+-----+--------+
         Total |   5343 |   5141 |    202 |    932 |   3225 |   6 |  890.5 |
       Dungeon |   5343 |   5141 |    202 |    932 |   3225 |   6 |  890.5 |
               +--------+--------+--------+--------+--------+-----+--------+

Top non-repeatable levels by time:
     D:4: 1144 daAuts
     D:1: 1050 daAuts
     D:5: 974 daAuts
     D:6: 870 daAuts
     D:2: 826 daAuts
     D:3: 476 daAuts
